 Dungeon Crawl Stone Soup version 0.31-a0-1111-ga3525b8 (webtiles) character file.

Game seed: 17286148165854049132

1687836 Kearsarge the Slayer (level 26, 261/261 HPs)
             Began as a Ghoul Warper on Dec 3, 2023.
             Was an Initiate of Gozag.
             Escaped with the Orb
             ... and 3 runes!
             The game lasted 02:10:46 (64048 turns).

Kearsarge the Slayer (Ghoul Warper)                Turns: 64048, Time: 02:10:47

Health: 261/261    AC: 20    Str: 31    XL:     26   Next: 27%
Magic:  24/24      EV: 10    Int: 12    God:    Gozag
Gold:   1297       SH: 16    Dex:  3    Spells: 28/28 levels left

rFire   + +          .
                       - Unarmed
rCold   + + +        b - +5 kite shield {reflect}
rNeg    + + +        X - +5 ice dragon scales of Absence {rF- rC++ rCorr Str+4}
rPois   ∞            Q - +2 hat of Weabus {+Inv rElec Dex-5 SInv}
rElec   +            M - scarf {rC+ rF+}
rCorr   +            (no gloves)
SInv    +            j - +1 pair of boots of the Volcano {rF++ rC-}
Will    ++...        T - dreamshard necklace {Acrobat *Dream}
Stlth   +            F - ring of willpower
HPRegen 0.63/turn    e - +4 ring of slaying
MPRegen 0.19/turn

%: reflection, acrobat
@: corroded, studying Transmutations
A: claws 1, cold resistance 1, negative energy resistance 3, inhibited
regeneration, torment resistance 2, devour on kill
0: Orb of Zot
}: 3/15 runes: barnacled, silver, gossamer
a: Renounce Religion, Evoke Invisibility, Potion Petition, Call Merchant, Bribe
Branch


You escaped.
You worshipped Gozag.
Gozag was most pleased with you.
You visited 10 branches of the dungeon, and saw 48 of its levels.
You visited the Abyss 1 time.
You visited 2 bazaars.
You visited 1 ziggurat, and saw 6 of its levels.
You also visited: Gauntlet.

You collected 23892 gold pieces.
You spent 5394 gold pieces at shops.
You paid 17201 gold pieces to Gozag.

Inventory:

Missiles
 D - 6 throwing nets
Armour
 b - a +5 kite shield of reflection (worn)
 j - the +1 pair of boots of the Volcano (worn) {rF++ rC-}
   (You acquired it on level 2 of the Depths)

   rF++:      It greatly protects you from fire.
   rC-:       It makes you vulnerable to cold.
 K - a +2 pair of boots of flying
 M - a scarf of resistance (worn)
 Q - the +2 hat of Weabus (worn) {+Inv rElec Dex-5 SInv}
   (You found it on level 5 of the Vaults)

   Dex-5:     It affects your dexterity (-5).
   rElec:     It insulates you from electricity.
   SInv:      It lets you see invisible.
   +Inv:      It lets you turn invisible.
 X - the +5 ice dragon scales of Absence (worn) {rF- rC++ rCorr Str+4}
   (You found it on level 3 of the Elven Halls)

   Str+4:     It affects your strength (+4).
   rF-:       It makes you vulnerable to fire.
   rC++:      It greatly protects you from cold.
   rCorr:     It protects you from acid and corrosion.
 Y - the +0 buckler of the Falcon {rElec Regen+ SInv}
   (You found it on level 3 of the Elven Halls)

   rElec:     It insulates you from electricity.
   SInv:      It lets you see invisible.
   Regen+:    It increases your rate of health regeneration.
Jewellery
 e - a +4 ring of slaying (right claw)
 F - a ring of willpower (left claw)
 G - a +6 ring of dexterity
 J - a ring of see invisible
 L - the ring of Omukh {rElec rC+ Int+2}
   (You found it on level 3 of the Spider Nest)

   [ring of protection from cold]

   Int+2:     It affects your intelligence (+2).
   rC+:       It protects you from cold.
   rElec:     It insulates you from electricity.
 R - the amulet "Fots" {Reflect Will+ Str+2 SH+5}
   (You bought it in a shop in a bazaar)

   [amulet of reflection]

   Reflect:   It reflects blocked missile attacks.
   Str+2:     It affects your strength (+2).
   Will+:     It increases your willpower.
   SH+5:      It affects your SH (+5).
 T - the dreamshard necklace (around neck) {Acrobat *Dream}
   (You bought it in a shop in a bazaar)

   [amulet of the acrobat]

   *Dream:    It absorbs a single lethal wound into itself, holding its wearer
   just short of death and releasing dream-creatures to guard them.
   Acrobat:   It increases your evasion while moving and waiting.
 Z - the ring of the Morning {+Blink rPois rF+++ rCorr Dex-5}
   (You found it on level 3 of the Elven Halls)

   [ring of resist corrosion]

   Dex-5:     It affects your dexterity (-5).
   rF+++:     It renders you almost immune to fire.
   rPois:     It protects you from poison +Blink: It lets you blink.
   rCorr:     It protects you from acid and corrosion.
Wands
 k - a wand of roots (26)
 u - a wand of charming (40)
 v - a wand of flame (108)
 y - a wand of mindburst (25)
 B - a wand of polymorph (29)
 H - a wand of acid (5)
Scrolls
 a - 5 scrolls of fear
 d - 7 scrolls of immolation
 f - 2 scrolls of silence
 g - 6 scrolls of teleportation
 p - 7 scrolls of vulnerability
 w - 3 scrolls of enchant armour
 x - 5 scrolls of noise
 A - 8 scrolls of amnesia
 C - 3 scrolls of poison
 E - 7 scrolls of fog
 N - a scroll of butterflies
 O - a scroll of blinking
 P - 10 scrolls of enchant weapon
 S - 7 scrolls of torment
Potions
 h - a potion of might
 i - 2 potions of haste
 l - 2 potions of cancellation
 m - 6 potions of attraction
 n - 8 potions of ambrosia
 o - 10 potions of enlightenment
 q - 2 potions of magic
 r - 4 potions of resistance
 s - 6 potions of curing
 t - 3 potions of invisibility
 z - 8 potions of brilliance
 U - 9 potions of heal wounds
Miscellaneous
 c - a condenser vane
 I - a sack of spiders
 V - a phantom mirror (inert)
 W - a lightning rod (4/4)


   Skills:
 - Level 26.1 Fighting
 - Level 0.8 Throwing
 + Level 23.5 Armour
 - Level 1.7 Dodging
 - Level 6.5 Stealth
 - Level 15.0 Shields
 - Level 26.0 Unarmed Combat
 - Level 1.7 Spellcasting
 - Level 2.6 Translocations


You had 28 spell levels left.
You didn't know any spells.
Your spell library contained the following spells:

 Spells                   Type           Power      Damage    Failure   Level
 Apportation              Tloc           14%        N/A       21%         1
 Blink                    Tloc           14%        N/A       30%         2
 Lesser Beckoning         Tloc           14%        N/A       30%         2
 Momentum Strike          Conj/Tloc      8%         3d8       45%         2
 Freeze                   Ice            4%         1d3       52%         1
 Kiss of Death            Conj/Necr      4%         2d5       52%         1
 Magic Dart               Conj           4%         1d3       52%         1
 Shock                    Conj/Air       4%         1d3       52%         1
 Slow                     Hex            4%         N/A       52%         1
 Sting                    Tmut/Pois      4%         1d3       52%         1
 Summon Small Mammal      Summ           4%         N/A       52%         1
 Gell's Gravitas          Tloc           7%         N/A       52%         3
 Teleport Other           Tloc           7%         N/A       52%         3
 Cigotuvi's Dreadful Rot  Necr/Pois/Air  2%         N/A       65%         2
 Ensorcelled Hibernation  Hex/Ice        2%         N/A       65%         2
 Jinxbite                 Hex            2%         N/A       65%         2
 Poisonous Vapours        Pois/Air       2%         N/A       65%         2
 Scorch                   Fire           2%         2d5       65%         2
 Searing Ray              Conj           2%         2d4       65%         2
 Static Discharge         Conj/Air       2%         3-4/arc   65%         2
 Volatile Blastmotes      Fire/Tloc      8%         2d10      71%         3
 Call Canine Familiar     Summ           1%         N/A       87%         3
 Confusing Touch          Hex            1%         N/A       87%         3
 Frozen Ramparts          Ice            2%         1d1       87%         3
 Hailstorm                Conj/Ice       1%         3d3       87%         3
 Inner Flame              Hex/Fire       1%         N/A       87%         3
 Mephitic Cloud           Conj/Pois/Air  1%         N/A       87%         3
 Ozocubu's Armour         Ice            1%         N/A       87%         3
 Sigil of Binding         Hex            1%         N/A       87%         3
 Summon Guardian Golem    Hex/Summ       1%         N/A       87%         3
 Swiftness                Air            1%         N/A       87%         3
 Tukima's Dance           Hex            1%         N/A       87%         3
 Vampiric Draining        Necr           1%         2d6       87%         3
 Manifold Assault         Tloc           7%         N/A       89%         4
 Dimensional Bullseye     Hex/Tloc       2%         N/A       98%         4
 Iskenderun's Mystic Bla  Conj/Tloc      4%         2d3       98%         4
 Vhi's Electric Charge    Tloc/Air       8%         N/A       98%         4
 Airstrike                Air            0%         2d(1-17)  99%         4
 Cause Fear               Hex            0%         N/A       99%         4
 Dispel Undead            Necr           1%         3d6       99%         4
 Flame Wave               Conj/Fire      1%         2d4       99%         4
 Fulminant Prism          Conj/Hex       0%         3d5       99%         4
 Leda's Liquefaction      Hex/Erth       0%         N/A       99%         4
 Olgreb's Toxic Radiance  Pois           1%         N/A       99%         4
 Petrify                  Tmut/Erth      1%         N/A       99%         4
 Sticky Flame             Conj/Fire      1%         2d3       99%         4
 Summon Ice Beast         Ice/Summ       1%         N/A       99%         4
 Summon Lightning Spire   Summ/Air       1%         N/A       99%         4
 Alistair's Intoxication  Tmut/Pois      0%         N/A       100%        5
 Arcjolt                  Conj/Air       0%         1d10      100%        5
 Borgnjor's Vile Clutch   Necr/Erth      0%         N/A       100%        5
 Fireball                 Conj/Fire      0%         3d3       100%        5
 Freezing Cloud           Conj/Ice/Air   0%         6-21      100%        5
 Irradiate                Conj/Tmut      0%         3d11      100%        5
 Iskenderun's Battlesphe  Conj           1%         2d6       100%        5
 Lee's Rapid Deconstruct  Erth           0%         3d4*      100%        5
 Metabolic Englaciation   Hex/Ice        0%         N/A       100%        5
 Summon Forest            Summ/Tloc      2%         N/A       100%        5
 Summon Mana Viper        Hex/Summ       1%         N/A       100%        5
 Yara's Violent Unravell  Hex/Tmut       0%         3d3       100%        5
 Bombard                  Conj/Erth      0%         9d1       100%        6
 Conjure Ball Lightning   Conj/Air       0%         3x3d6     100%        6
 Death Channel            Necr           0%         N/A       100%        6
 Dispersal                Tloc           3%         N/A       100%        6
 Eringya's Noxious Bog    Tmut/Pois      0%         4d6       100%        6
 Plasma Beam              Fire/Air       0%         2x1d10    100%        6
 Summon Cactus Giant      Summ           0%         N/A       100%        6
 Enfeeble                 Hex            0%         N/A       100%        7
 Haunt                    Necr/Summ      0%         N/A       100%        7
 Malign Gateway           Summ/Tloc      2%         N/A       100%        7
 Ozocubu's Refrigeration  Ice            0%         4d7       100%        7
 Spellforged Servitor     Conj/Summ      0%         N/A       100%        7
 Summon Hydra             Summ           0%         N/A       100%        7
 Discord                  Hex            0%         N/A       100%        8
 Disjunction              Tloc           3%         N/A       100%        8
 Infestation              Necr           0%         N/A       100%        8
 Summon Horrible Things   Summ           0%         N/A       100%        8
 Chain Lightning          Conj/Air       0%         2d1       100%        9
 Dragon's Call            Summ           0%         N/A       100%        9
 Fire Storm               Conj/Fire      0%         6d1       100%        9
 Shatter                  Erth           0%         3d5*      100%        9
 Sublimation of Blood     Necr           Unusable   N/A       N/A         2
 Animate Dead             Necr           Unusable   N/A       N/A         4
 Simulacrum               Ice/Necr       Unusable   N/A       N/A         6

Dungeon Overview and Level Annotations

Branches:
Dungeon (15/15)            Temple (1/1) D:6            Lair (5/5) D:9
 Shoals (4/4) Lair:2       Spider (4/4) Lair:2        Slime (0/5) Lair:4
    Orc (2/2) D:9             Elf (3/3) Orc:2        Vaults (5/5) D:14
  Crypt (0/3) Vaults:3     Depths (4/4) D:15            Zot (5/5) Depths:4
Gauntlet (visited)

Altars:
Ashenzari
Cheibriados
Dithmenos
Fedhas
Gozag
Hepliaklqana
Kikubaaqudgha
Makhleb
Nemelex Xobeh
Okawaru
Qazlal
Ru
Sif Muna
Trog
Uskayaw
Vehumet
Wu Jian
Xom
Yredelemnul
Jiyva
Lugonu

Shops:
D:3 *   D:9 =   D:14 ?   Orc:1 !   Orc:2 (:!?   Elf:1 (   Elf:3 *   Shoals:3 ?
Spider:3 =   Vaults:1 =   Vaults:4 (

Portals:
Hell: Depths:1 Depths:2 Depths:3 Depths:4
Abyss: Lair:4 Depths:3
Pandemonium: Depths:2
Trove: Depths:2 (give +2 storm dragon scales)

Annotations:
Lair:2 3 runed translucent doors, Ligragoa's ghost, journeyman TrGl
Shoals:4 Bai Suzhen
Elf:1 6 runed translucent doors
Elf:2 5 runed translucent doors
Vaults:2 Mara; Zenata
Depths:1 3 transporters


Innate Abilities, Weirdness & Mutations

You are immune to poison.
You have sharp fingernails.
Your flesh is cold resistant. (rC+)
You are immune to negative energy. (rN+++)
You do not regenerate when monsters are visible.
You are immune to unholy pain and torment.
You thrive by killing the living.


Message History

Unknown command.
Unknown command.
Unknown command.
Blink to where?
Press: ? - help, Q - select action, (/) - cycle Dir - move target, f - you
Okay, then.
Okay, then.
Unknown command.
Unknown command.
Blink to where?
Press: ? - help, Q - select action, (/) - cycle Dir - move target
As you read the scroll of blinking, it crumbles to dust.
The ufetubus disappears in a puff of smoke!
The rust devil hits you. The rust devil corrodes you!
Tunosud gestures.
You easily resist.
The rust devil hits you. The rust devil corrodes you!
A sun demon comes into view.
The sun demon shouts!
Tunosud gestures.
Tunosud blinks!
Tunosud gestures.
Tunosud blinks!
There is a stone staircase leading up here.
You climb upwards.
Your attacks no longer feel as feeble.
There is a stone staircase leading down here.
What level of the Dungeon? (default 1, ? - help)
There is a stone staircase leading up here.
You climb upwards.
There is a stone staircase leading down here.
Blink to where?
Press: ? - help, Q - select action, (/) - cycle Dir - move target
As you read the scroll of blinking, it crumbles to dust.
Blink to where?
Press: ? - help, Q - select action, (/) - cycle Dir - move target
As you read the scroll of blinking, it crumbles to dust.
Blink to where?
Press: ? - help, Q - select action, (/) - cycle Dir - move target
As you read the scroll of blinking, it crumbles to dust.
You have escaped!

.......# ##.####..#####.##.#....
.......# #...................##.
.......## #..#.......#....#.#.##.
........###.###.....###...#.#..#.
........)....#.......#....#.#.##÷
.......##.#...............#.#.##.
.......##.#....§.#>............).
.......##.......###..[...###...##
.......####.....@#.......# #..##.
.......# #..............# ##....
######## #..#.......#...# #####
#.###.....###..# #
###########..#.......#...# #
.........................# #
....######.#####.........# #
###..............#####...# #
####..##.###..## ##### #


There were no monsters in sight!

Vanquished Creatures
  2 ancient liches
  An orb of fire (Zot:5)
  2 juggernauts (Zig:6)
  Boris (Vaults:2)
  Sojobo (Vaults:3)
  Frederick (Depths:3)
  A Killer Klown (Zot:5)
  Margery (Vaults:2)
  Saint Roka (Depths:1)
  A caustic shrike (Depths:2)
  6 golden dragons
  Nikola (Shoals:2)
  Jory (Vaults:2)
  3 curse toes
  the Enchantress (Depths:1)
  A bone dragon (Vaults:3)
  A Hell Sentinel (Zig:1)
  2 liches
  2 deep elf blademasters (Elf:3)
  9 Orb Guardians
  8 tentacled monstrosities
  A walking frostbound tome (Depths:2)
  5 titans
  2 deep elf master archers (Elf:3)
  3 death cobs
  5 quicksilver dragons
  Frances (Shoals:1)
  A walking divine tome (Depths:3)
  5 sphinxes
  2 tentacled starspawn (Abyss:3)
  An Executioner (Abyss:3)
  Polyphemus (Shoals:2)
  Gastronok (D:12)
  9 shadow dragons
  A thorn hunter (Abyss:4)
  9 storm dragons
  Ilsuiw (Shoals:2)
  5 tengu reavers
  6 draconian monks
  Donald (Orc:2)
  3 draconian knights
  4 fire giants
  2 emperor scorpions (Spider:4)
  An iron dragon (Vaults:5)
  12 vault wardens
  6 frost giants
  7 draconian scorchers
  8 ghost moths
  7 deep elf sorcerers
  5 deep elf elementalists (Elf:3)
  An orc warlord (Vaults:2)
  2 draconian shifters
  2 draconian annihilators
  A caustic shrike zombie (Depths:3)
  5 spriggan defenders
  A war gargoyle (Vaults:4)
  3 draconian stormcallers
  2 broodmothers
  15 ironbound preservers
  8 very ugly things
  7 ironbound thunderhulks
  7 stone giants
  A vampire knight (Depths:1)
  An eleionoma (Zig:5)
  8 black draconians
  8 deep elf demonologists
  8 green draconians
  6 deep elf annihilators
  13 dire elephants
  A minotaur (Gauntlet)
  7 red draconians
  A bunyip (Zig:5)
  11 purple draconians
  7 white draconians
  6 spark wasps
  5 yellow draconians
  Snorg (D:12)
  7 deep elf death magi
  9 ettins
  6 merfolk javelineers
  14 yaktaur captains
  10 merfolk impalers
  7 fire dragons
  2 rakshasas
  Harold (D:10)
  3 jiangshi (Depths:1)
  9 deep elf high priests
  7 entropy weavers
  A shambling mangrove (Zig:5)
  7 great orbs of eyes
  5 vault guards
  7 hydras
  7 ice dragons
  A hell beast (Depths:1)
  3 jorogumos
  13 ironbound frosthearts
  6 spriggan air magi
  3 catoblepae
  5 ogre magi
  6 merfolk aquamancers
  11 centaur warriors
  7 boulder beetles
  A peacekeeper (Vaults:4)
  20 two-headed ogres
  A spriggan skeleton (Depths:3)
  2 merfolk avatars
  7 radroaches
  An alligator (Zig:5)
  8 dancing weapons
  10 deep troll earth magi
  8 deep troll shamans
  A hell hog (Depths:1)
  2 death yaks (Shoals:2)
  6 tengu warriors
  An occultist (Depths:1)
  A vampire mage (Depths:1)
  8 demonic crawlers
  3 spriggan berserkers
  A storm dragon zombie (Depths:1)
  Nergalle (D:11)
  15 hell knights
  4 thrashing horrors
  Urug (D:12)
  3 sun demons (Depths:1)
  15 iron trolls
  5 skysharks
  7 soul eaters
  A fire crab (D:9)
  12 deep elf knights
  A salamander mystic (Depths:1)
  8 pharaoh ants
  3 sixfirhies
  A wretched star (Abyss:3)
  A golden dragon zombie (Depths:3)
  6 large abominations
  5 sea snakes
  2 shadow demons
  2 glowing orange brains (Gauntlet)
  6 orb spiders
  71 deep trolls
  A flayed ghost (Depths:4)
  5 lindwurms
  2 phantasmal warriors (Depths:1)
  15 deep elf archers
  A shadow dragon zombie (Vaults:3)
  Pikel (D:7)
  17 deep elf zephyrmancers
  10 deep elf pyromancers
  8 orc knights
  13 ironbound convokers
  2 tengu zombies
  4 arcanists
  6 steelbarb worms
  3 stone giant zombies
  A fire giant zombie (Depths:1)
  15 harpies
  A tengu skeleton (Depths:3)
  2 orc sorcerers
  A wolf spider (shapeshifter) (Vaults:1)
  10 necromancers
  A will-o-the-wisp (Zig:5)
  30 ugly things
  21 wolf spiders
  4 worldbinders
  A shining eye (Abyss:4)
  11 cyclopes
  3 salamanders (Depths:1)
  12 manticores
  An iron dragon skeleton (Depths:3)
  A fire giant skeleton (Depths:3)
  11 fauns
  4 black mambas
  21 moths of wrath
  8 water nymphs
  10 elephants
  2 kobold blastminers (Orc:1)
  An eye of devastation (Lair:3)
  10 vault sentinels
  3 merfolk sirens
  5 smoke demons
  8 cane toads
  A spriggan zombie (Depths:1)
  3 unseen horrors
  4 gargoyles
  2 torpor snails
  A torpor snail (shapeshifter) (Elf:2)
  10 komodo dragons
  An efreet (D:15)
  A yaktaur zombie (Vaults:3)
  2 hellions
  3 rime drakes
  6 tengu conjurers
  2 ancient zymes
  A freezing wraith (Vaults:5)
  39 yaktaurs
  An ice devil (Gauntlet)
  11 trolls
  4 meliai
  7 polar bears
  An elf skeleton (Vaults:3)
  18 merfolk
  7 wind drakes
  An iron dragon simulacrum (Vaults:3)
  19 tarantellas
  3 human skeletons (Vaults:3)
  18 hornets
  A stone giant simulacrum (Depths:1)
  5 air elementals (Elf:1)
  A frost giant simulacrum (Depths:1)
  22 jumping spiders
  8 snapping turtles
  9 blink frogs (Lair:2)
  20 slime creatures
  21 culicivoras
  21 spriggans
  2 wraiths
  3 ynoxinuls (Abyss:3)
  3 shadows
  2 vampires
  2 wyverns (Lair:5)
  6 basilisks
  A neqoxec (Abyss:3)
  21 water elementals
  27 yaks
  A fire elemental (Elf:1)
  51 redbacks
  2 steam dragons (D:8)
  4 vampire mosquitoes (D:14)
  2 chaos spawn
  An acid dragon (D:10)
  11 water moccasins
  2 wargs
  A glowing shapeshifter zombie (Vaults:4)
  A swamp drake (D:9)
  4 black bears
  24 orc warriors
  A sky beast (D:5)
  A small abomination (Abyss:4)
  6 boggarts
  A boggart (shapeshifter) (D:13)
  8 centaurs
  25 wolves
  30 ogres
  A phantom (D:6)
  3 lemures (D:7)
  5 kobold brigands
  A human zombie (Vaults:3)
  A brain worm (Abyss:4)
  16 bullfrogs
  3 gnoll sergeants
  2 scorpions
  A glowing shapeshifter simulacrum (Depths:3)
  3 earth elementals
  10 wights (D:8)
  A human simulacrum (Vaults:4)
  3 howler monkeys
  4 hounds
  A gnoll bouda (D:5)
  3 jellies
  16 orc priests
  3 starcursed masses (Abyss:3)
  6 iguanas
  2 sleepcaps
  24 orc wizards
  4 hell rats (Lair:5)
  A gnoll (shapeshifter) (Depths:4)
  26 gnolls
  12 adders
  A shadow imp (D:5)
  7 white imps
  5 ufetubi
  2 worms
  A dart slug (D:2)
  70 orcs
  5 ball pythons
  7 bats
  An endoplasm (shapeshifter) (Vaults:5)
  6 endoplasms
  4 giant cockroaches
  7 goblins
  6 hobgoblins
  11 jackals
  A kobold (shapeshifter) (Vaults:1)
  5 quokkas
  A ball python (shapeshifter) (Depths:2)
  5 frilled lizards
  25 kobolds
  A rat (shapeshifter) (Vaults:3)
  4 rats
  A lurking horror (Abyss:4)
  A starspawn tentacle (Abyss:3)
1840 creatures vanquished.

Vanquished Creatures (collateral kills)
  An orb of fire (Zot:5)
  A Killer Klown (Zot:5)
  2 electric golems (Zot:5)
  A tentacled monstrosity (Vaults:5)
  12 Orb Guardians (Zot:5)
  A titan (Vaults:5)
  A death cob (Zot:5)
  A quicksilver dragon (Zot:5)
  2 tengu reavers (Vaults:5)
  2 shadow dragons
  A fire giant (Vaults:5)
  2 ghost moths (Zot:5)
  A stone giant (Vaults:5)
  A deep elf high priest (Vaults:5)
  An ettin (Vaults:5)
  A yaktaur captain (Vaults:5)
  2 vault guards (Vaults:5)
  An ironbound convoker (Vaults:5)
  2 moths of wrath (Zot:5)
  A komodo dragon (Lair:3)
  3 orc warriors (Vaults:5)
  2 orcs (Vaults:5)
42 creatures vanquished.

Vanquished Creatures (others)
  An orb of fire (Zot:5)
  3 ancient liches
  2 Killer Klowns (Zot:5)
  6 Orb Guardians (Zot:5)
  A tentacled monstrosity (Vaults:5)
  A titan (Vaults:5)
  2 death cobs (Zot:5)
  A draconian monk (Zot:5)
  3 vault wardens (Vaults:5)
  2 draconian knights
  A ghost moth (Zot:5)
  An ironbound preserver (Vaults:5)
  A very ugly thing (Depths:2)
  A stone giant (Vaults:5)
  An ironbound thunderhulk (Vaults:5)
  3 draconian annihilators (Zot:5)
  A black draconian (Zot:5)
  A deep elf demonologist (Vaults:5)
  A deep elf annihilator (Vaults:5)
  A purple draconian (Zot:5)
  A yellow draconian (Zot:5)
  4 red draconians (Zot:5)
  2 ettins (Vaults:5)
  4 yaktaur captains (Vaults:5)
  20 vault guards (Vaults:5)
  5 deep trolls (Vaults:5)
  2 necromancers (Vaults:5)
  A deep elf pyromancer (Elf:1)
  A moth of wrath (Zot:5)
  A water nymph (Zot:5)
  A vault sentinel (Vaults:5)
  2 yaktaurs (Vaults:5)
  An ogre (Orc:2)
  2 foxfires (Zig:5)
  A lurking horror (Lair:4)
  5 starspawn tentacles (Abyss:3)
87 creatures vanquished.

Grand Total: 1969 creatures vanquished

Notes
Turn   | Place    | Note
-------+----------+-------------------------------------------
     0 | D:1      | Kearsarge the Ghoul Warper began the quest for the Orb.
     0 | D:1      | Reached XP level 1. HP: 17/17 MP: 2/2
    14 | D:1      | Found a faded altar of an unknown god.
   178 | D:1      | Reached XP level 2. HP: 25/25 MP: 3/3
   837 | D:1      | Reached XP level 3. HP: 31/31 MP: 4/4
  1801 | D:3      | Found Poxyonif's Assorted Antiques.
  1813 | D:3      | You fall into a shaft and drop 2 floors!
  1813 | D:5      | Entered Level 5 of the Dungeon
  1843 | D:5      | Noticed an ogre
  1950 | D:5      | Noticed a kobold brigand
  1975 | D:5      | Killed a kobold brigand
  1976 | D:5      | Reached XP level 4. HP: 29/40 MP: 5/5
  1976 | D:5      | Reached XP level 5. HP: 33/46 MP: 6/6
  2236 | D:5      | Reached skill level 5 in Unarmed Combat
  2326 | D:5      | Killed an ogre
  2327 | D:5      | Reached XP level 6. HP: 37/53 MP: 7/7
  2701 | D:3      | Found the +5 robe of Misfortune {Harm *Corrode *Slow EV+5}
  2785 | D:3      | Found a hazy altar of Hepliaklqana.
  3211 | D:4      | Reached skill level 5 in Fighting
  3261 | D:4      | Reached XP level 7. HP: 61/61 MP: 8/8
  4627 | D:5      | Reached XP level 8. HP: 70/70 MP: 9/9
  5098 | D:6      | Found a staircase to the Ecumenical Temple.
  5119 | Temple   | Entered the Ecumenical Temple
  5191 | Temple   | Became a worshipper of Gozag Ym Sagoz the Greedy
  5595 | D:6      | Noticed a two-headed ogre
  5675 | D:6      | Killed a two-headed ogre
  5676 | D:6      | Reached skill level 10 in Unarmed Combat
  5676 | D:6      | Reached XP level 9. HP: 52/81 MP: 10/10
  5847 | D:6      | Noticed a boulder beetle
  5862 | D:6      | Killed a boulder beetle
  6370 | D:7      | Reached XP level 10. HP: 91/91 MP: 11/11
  6376 | D:7      | Noticed a gargoyle
  6482 | D:7      | Found a stormy altar of Qazlal.
  6489 | D:7      | Found a basalt altar of Yredelemnul.
  6501 | D:7      | Noticed Pikel
  6558 | D:7      | Killed Pikel
  6710 | D:7      | Killed a gargoyle
  7269 | D:8      | Reached skill level 10 in Fighting
  7967 | D:9      | Found a staircase to the Lair.
  7968 | D:9      | Noticed a fire crab
  8313 | D:9      | Found a shadowy altar of Dithmenos.
  8372 | D:9      | Reached XP level 11. HP: 57/101 MP: 12/12
  8642 | D:9      | Killed a fire crab
  8973 | D:9      | Found a staircase to the Orcish Mines.
  9207 | D:10     | Entered Level 10 of the Dungeon
  9219 | D:10     | Reached skill level 15 in Unarmed Combat
  9477 | D:10     | Noticed Harold
  9676 | D:10     | Killed Harold
 10307 | D:11     | Noticed a two-headed ogre
 10316 | D:11     | Killed a two-headed ogre
 10470 | D:11     | Noticed a manticore
 10574 | D:11     | Noticed Nergalle
 10672 | Orc:1    | Entered Level 1 of the Orcish Mines
 11592 | Orc:2    | Entered Level 2 of the Orcish Mines
 11655 | Orc:1    | Noticed an orc knight
 11820 | Orc:1    | Bought a potion of heal wounds for 85 gold pieces
 11820 | Orc:1    | Bought a potion of might for 68 gold pieces
 11883 | Lair:1   | Entered Level 1 of the Lair of Beasts
 12348 | Lair:1   | Reached XP level 12. HP: 101/113 MP: 13/13
 12515 | Lair:1   | Noticed a six-headed hydra
 12515 | Lair:1   | Noticed a death yak
 12934 | Lair:2   | Found a runed translucent gate.
 12934 | Lair:2   | Found a runed translucent gate.
 12934 | Lair:2   | Found a runed translucent gate.
 12934 | Lair:2   | Noticed Ligragoa's ghost (journeyman TrGl)
 13017 | Lair:2   | Found a hole to the Spider Nest.
 13229 | Lair:2   | Found a staircase to the Shoals.
 13793 | Lair:2   | Noticed a skyshark
 13808 | Lair:2   | Killed a skyshark
 14178 | Lair:3   | Noticed Nessos
 14374 | Lair:3   | Noticed a five-headed hydra
 14389 | Lair:3   | Killed a five-headed hydra
 14449 | Lair:3   | Nessos changed into Nessos the eye of devastation
 14449 | Lair:3   | Noticed Nessos
 14452 | Lair:3   | Killed Nessos the eye of devastation
 14514 | Lair:3   | Noticed a skyshark
 14524 | Lair:3   | Killed a skyshark
 14525 | Lair:3   | Reached XP level 13. HP: 116/123 MP: 14/14
 14834 | Lair:4   | Found a corrupted altar of Lugonu.
 14968 | Lair:4   | Found a one-way gate to the infinite horrors of the Abyss.
 14995 | Lair:4   | Reached skill level 1 in Armour
 15040 | Lair:4   | HP: 4/124 [seven-headed hydra (9)]
 15394 | Lair:4   | Reached skill level 1 in Shields
 15988 | Lair:4   | Found the +4 Cigotuvi's embrace {Corpsefed rMiasma Drain
                  | rN+}
 16106 | Lair:4   | Found a viscous altar of Jiyva.
 16106 | Lair:4   | Found a staircase to the Slime Pits.
 16271 | Lair:5   | Entered Level 5 of the Lair of Beasts
 16604 | Lair:5   | Reached skill level 5 in Armour
 16651 | Lair:5   | Reached skill level 5 in Shields
 17329 | D:3      | Bought an ancient scale mail for 207 gold pieces
 17329 | D:3      | Identified the +2 scale mail of Daroe {Harm +Blink rCorr
                  | Dex-4} (You bought it in a shop on level 3 of the Dungeon)
 17329 | D:3      | Bought a small gilded ring for 115 gold pieces
 17751 | Lair:5   | Reached XP level 14. HP: 101/132 MP: 15/15
 18896 | D:11     | Killed Nergalle
 19113 | D:12     | Noticed Gastronok
 19127 | D:12     | Killed Gastronok
 19373 | Orc:2    | Noticed Donald
 19405 | Orc:2    | Killed Donald
 19472 | Orc:2    | Found a staircase to the Elven Halls.
 19884 | Orc:2    | Found Wabrarr's Book Boutique.
 19949 | Orc:2    | Found Esoohen's Magic Scroll Emporium.
 19958 | Orc:2    | Found Peotz's Weapon Shop.
 19959 | Orc:2    | Found Suac's Distillery.
 19961 | Orc:2    | Bought a scroll of fear for 52 gold pieces
 19961 | Orc:2    | Bought a scroll of identify for 26 gold pieces
 19961 | Orc:2    | Bought a scroll of teleportation for 39 gold pieces
 19961 | Orc:2    | Bought a scroll of teleportation for 39 gold pieces
 19967 | Orc:2    | Bought 2 potions of might for 128 gold pieces
 19967 | Orc:2    | Bought a potion of ambrosia for 128 gold pieces
 19967 | Orc:2    | Bought a potion of curing for 48 gold pieces
 20406 | Orc:1    | Reached XP level 15. HP: 120/138 MP: 16/16
 20993 | D:12     | Reached skill level 10 in Armour
 21001 | D:12     | Reached skill level 10 in Shields
 21283 | D:12     | Noticed Snorg
 21287 | D:12     | Noticed Urug
 21292 | D:12     | Killed Snorg
 21298 | D:12     | Killed Urug
 21623 | D:13     | Found a frozen archway.
 21638 | D:13     | Found a basalt altar of Yredelemnul.
 21748 | D:13     | Found a gate leading to a gauntlet.
 21760 | Gauntlet | Entered a Gauntlet
 21760 | Gauntlet | Found a transporter.
 21760 | Gauntlet | Found a transporter.
 21764 | Gauntlet | Found a transporter.
 21775 | Gauntlet | Found a transporter.
 21782 | Gauntlet | Found a transporter.
 21792 | Gauntlet | Found a transporter.
 21792 | Gauntlet | Found a transporter.
 21796 | Gauntlet | Found a transporter.
 21823 | Gauntlet | Found a transporter.
 21837 | Gauntlet | Found a transporter.
 21846 | Gauntlet | Found a transporter.
 21889 | Gauntlet | Found a transporter.
 21903 | Gauntlet | Found a transporter.
 21916 | Gauntlet | Found a transporter.
 22005 | Gauntlet | Found a transporter.
 22019 | Gauntlet | Found a transporter.
 22271 | Gauntlet | HP: 1/138 [enormous slime creature[a glowing orange brain]
                  | (51)]
 22392 | Gauntlet | Identified the amulet "Sogali" {Reflect Int+4 SH+5}
 22424 | Gauntlet | Identified the ring "Jeurov" {Wiz Str+3}
 22754 | D:13     | Identified the +9 mace "Ubooxt" {pain, rPois rN+}
 23522 | D:14     | Bought a scroll of poison for 60 gold pieces
 23522 | D:14     | Bought a scroll of revelation for 112 gold pieces
 23734 | D:14     | Found a gate to the Vaults.
 24474 | D:14     | Identified the +6 trident of Eternal Vigilance {venom,
                  | *Corrode rPois Dex+3 Stlth+}
 25329 | D:9      | Bought the amulet "Bolio" {Acrobat rElec} for 660 gold
                  | pieces
 25402 | Spider:1 | Entered Level 1 of the Spider Nest
 25537 | Spider:1 | Identified a scroll of acquirement
 25538 | Spider:1 | Acquired a +1 pair of boots of flying
 25808 | Spider:1 | Reached XP level 16. HP: 147/147 MP: 17/17
 25958 | Spider:1 | Reached skill level 15 in Fighting
 30001 | Spider:3 | Identified the ring of Omukh {rElec rC+ Int+2}
 30045 | Spider:3 | Identified the +8 hand axe of Impermanence {venom, SInv}
 31692 | Spider:4 | Entered Level 4 of the Spider Nest
 31863 | Spider:4 | Reached XP level 17. HP: 166/166 MP: 18/18
 31972 | Spider:4 | Reached XP level 18. HP: 176/176 MP: 19/19
 33300 | Spider:4 | Got a gossamer rune of Zot
 33787 | D:15     | Entered Level 15 of the Dungeon
 34235 | D:15     | Found a staircase to the Depths.
 35004 | Elf:1    | Entered Level 1 of the Elven Halls
 35332 | Elf:1    | Found Omnetul's Antique Weapon Emporium.
 35676 | Elf:1    | Paralysed by an air elemental for 1 turns
 35788 | Elf:1    | Paralysed by an air elemental for 1 turns
 35788 | Elf:1    | Identified the +0 buckler "Fistrufa" {SInv}
 35798 | Elf:1    | Paralysed by an air elemental for 1 turns
 35955 | Elf:1    | Paralysed by an air elemental for 1 turns
 36008 | Elf:1    | Found a runed translucent gate.
 36027 | Elf:1    | Found a runed translucent gate.
 36027 | Elf:1    | Found a runed translucent gate.
 36028 | Elf:1    | Found a runed translucent gate.
 36028 | Elf:1    | Found a runed translucent gate.
 36107 | Elf:1    | Found a runed translucent gate.
 36537 | Elf:2    | Reached XP level 19. HP: 191/193 MP: 20/20
 37021 | Elf:2    | Found a huge runed translucent gate.
 37021 | Elf:2    | Found a huge runed translucent gate.
 37021 | Elf:2    | Found a huge runed translucent gate.
 37021 | Elf:2    | Found a huge runed translucent gate.
 37021 | Elf:2    | Found a huge runed translucent gate.
 37075 | Elf:3    | Entered Level 3 of the Elven Halls
 37240 | Elf:3    | Found Sob Ytom's General Store.
 38314 | Elf:3    | Identified the +4 morningstar of Inlupiav {heavy, *Corrode
                  | Fly rElec rC-}
 38314 | Elf:3    | Identified the +0 leather armour "Xaivufuh" {Harm rN+
                  | Str+5}
 38368 | Elf:3    | Found the +8 frozen axe "Frostbite" {freeze, freezing
                  | cloud, *Noise Fly rC+}
 38372 | Elf:3    | Got the Monograph on Incandescence and Mortification
 38377 | Elf:3    | Identified the +5 ice dragon scales of Absence {rF- rC++
                  | rCorr Str+4}
 38393 | Elf:3    | Identified the +0 buckler of the Falcon {rElec Regen+ SInv}
 38405 | Elf:3    | Identified the ring of the Morning {+Blink rPois rF+++
                  | rCorr Dex-5}
 38418 | Elf:3    | Got Hiusm's Improving Your Wizarding
 38761 | Shoals:1 | Entered Level 1 of the Shoals
 39007 | Shoals:1 | Noticed Frances
 39019 | Shoals:1 | Killed Frances
 39241 | Shoals:2 | Noticed Ilsuiw
 39300 | Shoals:2 | Killed Ilsuiw
 39545 | Shoals:2 | Noticed Nikola
 39563 | Shoals:2 | Killed Nikola
 39691 | Shoals:2 | Noticed Polyphemus
 39697 | Shoals:2 | Reached XP level 20. HP: 148/211 MP: 21/21
 39726 | Shoals:2 | Killed Polyphemus
 40418 | Shoals:3 | Found Halyc's Magic Scroll Shoppe.
 40516 | Shoals:3 | Bought a scroll of revelation for 112 gold pieces
 40516 | Shoals:3 | Bought a scroll of enchant armour for 112 gold pieces
 40647 | Shoals:4 | Entered Level 4 of the Shoals
 40884 | Shoals:4 | Got a barnacled rune of Zot
 41236 | Shoals:4 | Noticed Bai Suzhen
 41479 | Vaults:1 | Entered Level 1 of the Vaults
 41494 | Vaults:1 | Found Yfuwuila's Jewellery Shop.
 41511 | Vaults:1 | Found a flickering gateway to a bazaar.
 41540 | Bazaar   | Entered a bazaar
 41566 | Bazaar   | Found Misol's Antique Weapon Shoppe.
 41566 | Bazaar   | Found Tifotzuc's Armour Emporium.
 41588 | Bazaar   | Found Igeijej's Antique Armour Shoppe.
 41588 | Bazaar   | Found Yvynuum's Magic Scroll Emporium.
 41593 | Bazaar   | Bought a scroll of teleportation for 39 gold pieces
 41593 | Bazaar   | Bought a scroll of blinking for 97 gold pieces
 41593 | Bazaar   | Bought a scroll of poison for 52 gold pieces
 41599 | Bazaar   | Bought an embroidered scarf for 200 gold pieces
 41620 | Bazaar   | Found Isuutays's Jewellery Shoppe.
 41625 | Bazaar   | Bought the amulet "Fots" {Reflect Will+ Str+2 SH+5} for 421
                  | gold pieces
 41625 | Bazaar   | Bought the dreamshard necklace {Acrobat *Dream} for 1800
                  | gold pieces
 41625 | Bazaar   | Found the dreamshard necklace {Acrobat *Dream}
 42403 | Vaults:1 | Identified the +1 chain mail of the Twenty Suns {rCorr
                  | Int+3}
 43631 | Vaults:2 | Reached XP level 21. HP: 221/221 MP: 22/22
 43783 | Vaults:2 | Noticed Mara
 43786 | Vaults:2 | Noticed Zenata
 44062 | Vaults:2 | Noticed Boris
 44190 | Vaults:2 | Noticed Margery
 44210 | Vaults:2 | Killed Margery
 44235 | Vaults:2 | Noticed Jory
 44654 | Vaults:3 | Noticed Sojobo
 44666 | Vaults:3 | Noticed a bone dragon
 44670 | Vaults:3 | Killed Sojobo
 44680 | Vaults:3 | Killed a bone dragon
 45696 | Vaults:3 | Found a staircase to the Crypt.
 46709 | Vaults:4 | Found Vumui's Weapon Emporium.
 46897 | Vaults:4 | Reached XP level 22. HP: 227/228 MP: 23/23
 48209 | Vaults:5 | Entered Level 5 of the Vaults
 48227 | Vaults:5 | Noticed an ancient lich
 48245 | Vaults:5 | Killed an ancient lich
 48263 | Vaults:5 | Killed an ancient lich
 48587 | Vaults:5 | Got the Precepts of the Blizzard
 48791 | Vaults:5 | Got a silver rune of Zot
 48996 | Vaults:5 | Identified the ring "Goteveha" {Will+ rCorr}
 49013 | Vaults:5 | Noticed a golden dragon
 49019 | Vaults:5 | Killed a golden dragon
 49196 | Vaults:5 | Found the +3 greatsling "Punk" {acid, rCorr}
 49208 | Vaults:5 | Identified the +2 hat of Weabus {+Inv rElec Dex-5 SInv}
 50045 | Vaults:2 | Killed Jory
 50411 | Vaults:2 | Killed Boris
 50789 | Depths:1 | Entered Level 1 of the Depths
 50979 | Depths:1 | Found a transporter.
 50981 | Depths:1 | Found a transporter.
 50982 | Depths:1 | Found a transporter.
 50983 | Depths:1 | Found a transporter.
 51087 | Depths:1 | Noticed Saint Roka
 51091 | Depths:1 | Reached XP level 23. HP: 236/236 MP: 24/24
 51104 | Depths:1 | Killed Saint Roka
 51396 | Depths:1 | Paralysed by something for 3 turns
 51397 | Depths:1 | Noticed the Enchantress
 52371 | Depths:1 | Found a gateway to Hell.
 52437 | Abyss:3  | Cast into level 3 of the Abyss (the Enchantress)
 52710 | Abyss:3  | Found a corrupted altar of Lugonu.
 53130 | Depths:1 | Escaped the Abyss
 53151 | Depths:1 | Killed the Enchantress
 54151 | Depths:2 | Found a portal to a secret trove of treasure.
 54557 | Depths:2 | Reached skill level 15 in Armour
 54582 | Depths:2 | Reached skill level 15 in Shields
 54715 | Depths:2 | Noticed a caustic shrike
 54720 | Depths:2 | Killed a caustic shrike
 55235 | Depths:2 | Identified the staff of Tuigre Kema {rC+ SInv Tloc Ice}
 55236 | Depths:2 | Identified the +4 leather armour of Uttapt Kowu {rC++ Str+5
                  | Int+3}
 55331 | Depths:2 | Acquired the +1 pair of boots of the Volcano {rF++ rC-}
 55660 | Depths:2 | Found a one-way gate leading to the halls of Pandemonium.
 55863 | Depths:3 | Noticed Frederick
 55876 | Depths:3 | Killed Frederick
 55882 | Depths:3 | Reached XP level 24. HP: 230/245 MP: 24/24
 55966 | Depths:3 | Found a one-way gateway to a ziggurat.
 57080 | Zig:1    | Entered Level 1 of a ziggurat
 57106 | Zig:2    | Entered Level 2 of a ziggurat
 57194 | Zig:3    | Entered Level 3 of a ziggurat
 57260 | Zig:3    | Got the Notes on the Misty Quarry
 57268 | Zig:4    | Entered Level 4 of a ziggurat
 57271 | Zig:4    | Noticed an ancient lich
 57286 | Zig:4    | Killed an ancient lich
 57312 | Zig:5    | Entered Level 5 of a ziggurat
 57363 | Zig:6    | Entered Level 6 of a ziggurat
 57369 | Zig:6    | Noticed a juggernaut
 57369 | Zig:6    | Found the +5 scythe "Finisher" {speed, execute}
 57369 | Zig:6    | Noticed a juggernaut
 57380 | Zig:6    | Killed a juggernaut
 57388 | Zig:6    | Killed a juggernaut
 57429 | Zig:6    | Identified the +1 helmet of Ulilum {-Tele Rampage rF- SInv}
 57814 | Depths:4 | Entered Level 4 of the Depths
 57859 | Depths:4 | Found a gate to the Realm of Zot.
 58045 | Depths:4 | Found a flickering gateway to a bazaar.
 58051 | Bazaar   | Entered a bazaar
 58325 | Bazaar   | Found Codeps Oniy's Magic Scroll Shop.
 58329 | Bazaar   | Bought a scroll of blinking for 60 gold pieces
 58329 | Bazaar   | Bought a scroll of fear for 32 gold pieces
 58329 | Bazaar   | Bought a scroll of blinking for 60 gold pieces
 58357 | Bazaar   | Found Teil's Magic Scroll Shop.
 58362 | Bazaar   | Bought a scroll of immolation for 60 gold pieces
 58362 | Bazaar   | Bought a scroll of poison for 60 gold pieces
 58362 | Bazaar   | Bought a scroll of poison for 60 gold pieces
 58380 | Bazaar   | Found Oskaheb's Distillery.
 58401 | Bazaar   | Found Sitef's Distillery.
 58413 | Bazaar   | Bought a potion of invisibility for 112 gold pieces
 58413 | Bazaar   | Bought 2 potions of heal wounds for 140 gold pieces
 58413 | Bazaar   | Bought 2 potions of heal wounds for 140 gold pieces
 58413 | Bazaar   | Bought a potion of heal wounds for 70 gold pieces
 59009 | Depths:4 | Found a corrupted altar of Lugonu.
 59125 | Zot:1    | Entered Level 1 of the Realm of Zot
 59243 | Depths:4 | Reached XP level 25. HP: 167/253 MP: 24/24
 62420 | Zot:5    | Entered Level 5 of the Realm of Zot
 62896 | Zot:5    | Noticed an ancient lich
 62909 | Zot:5    | Noticed an orb of fire
 62923 | Zot:5    | Noticed a Killer Klown
 62924 | Zot:5    | Noticed a Killer Klown
 62980 | Zot:5    | Killed a Killer Klown
 62983 | Zot:5    | Noticed an orb of fire
 62986 | Zot:5    | Noticed an orb of fire
 62988 | Zot:5    | Noticed a Killer Klown
 62998 | Zot:5    | Noticed an ancient lich
 62999 | Zot:5    | Reached XP level 26. HP: 125/261 MP: 24/24
 63000 | Zot:5    | Noticed a Killer Klown
 63003 | Zot:5    | Killed an orb of fire
 63010 | Zot:5    | Killed an ancient lich
 63019 | Zot:5    | Noticed a Killer Klown
 63083 | Zot:5    | Killed a Killer Klown
 63366 | Zot:5    | Killed an orb of fire
 63377 | Zot:5    | Killed a Killer Klown
 63446 | Zot:5    | Got the Orb of Zot
 63635 | Depths:3 | Noticed a seraph
 63956 | D:6      | Noticed Ikuih the pandemonium lord
 64009 | D:3      | Noticed Tunosud the pandemonium lord
 64048 | D:$      | Escaped with the Orb!

Illustrated notes

Levels and vault maps discovered:
D:1:      minmay_arrival_five_plusses, layout_basic,
          hellmonk_ecumenical_altar_blasted
D:2:      layout_loops_ring
D:3:      layout_basic, mainiacjoe_overflow_paths, serial_shops,
          nicolae_shop_temple_entry_statues_fountains
D:4:      layout_gridville
D:5:      cheibrodos_thug_alley, layout_layer_cave, minivault_27,
          nicolae_eternal_life, grunt_ministairs_5, minmay_between
D:6:      layout_basic, minmay_temple_entry_wispy, amcnicky_mini_pool_small,
          grunt_ministairs_10, minmay_misc_feat_tiny,
          serial_library_hellmonk_open_square, hangedman_minor_gate_pass
D:7:      layout_cave_pools, minitemple, uniq_pikel
D:8:      layout_basic
D:9:      layout_stronghold, mainiacjoe_overflow_six_doors_small,
          minmay_lair_entry_lava, erik_orc_1
D:10:     layout_cave_pools, serial_column_ruins, column_ruins_hut_pillars,
          column_ruins_open_tiny, column_ruins_open_small_water,
          column_ruins_columns_plus, uniq_harold
D:11:     layout_roguey, uniq_nergalle
D:12:     kennysheep_room_grid, layout_gridville, uniq_urug, uniq_snorg,
          uniq_gastronok
D:13:     layout_loops_corners, gauntlet_entry_generic,
          portal_ice_cave_entry_pillars_1, minmay_ruined_shrine
D:14:     layout_layer_cave, david_vaults_2, minivault_26, minivault_10,
          unseen_surprise_small
D:15:     grunt_enter_depths_hoard, layout_irregular_city
Temple:   minmay_temple_bridge_d
Lair:1:   layout_hall_layers, minmay_shattered_shrine
Lair:2:   layout_gridlike, minmay_shoals_entry_beasts, spider_nest_entry_webs,
          gammafunk_ghost_split
Lair:3:   layout_regular_city, minivault_27, nicolae_lair_lil_pond,
          chequers_serial_rivers_room_b, serial_bayou_shore_b, uniq_nessos
Lair:4:   layout_gridlike, slime_entry_1, amcnicky_altar_lugonu_corruption,
          grunt_megastairs_4
Lair:5:   minmay_lair_end_enchanted_forest, layout_small_grid
Shoals:1: layout_shoals, uniq_frances
Shoals:2: layout_shoals, uniq_ilsuiw, uniq_nikola, uniq_polyphemus
Shoals:3: layout_shoals, serial_shops, nicolae_shop_waterfront
Shoals:4: shoals_end_simple, layout_shoals, nicolae_shoals_wave_tunnel,
          uniq_bai_suzhen
Spider:1: layout_spider_delve
Spider:2: layout_spider_delve
Spider:3: nicolae_spider_hilbert_zone_4 [nicolae_spider_hilbert_4_sides_2_open,
          nicolae_spider_hilbert_4_sides_1_open,
          nicolae_spider_hilbert_4_sides_1_open,
          nicolae_spider_hilbert_4_sides_1_open,
          nicolae_spider_hilbert_4_sides_1_open,
          nicolae_spider_hilbert_2_sides_1_open,
          nicolae_spider_hilbert_2_sides_1_open,
          nicolae_spider_hilbert_2_sides_1_open,
          nicolae_spider_hilbert_2_sides_1_open,
          nicolae_spider_hilbert_6_sides_1_open,
          nicolae_spider_hilbert_6_sides_1_open,
          nicolae_spider_hilbert_3_sides_1_open,
          nicolae_spider_hilbert_3_sides_1_open]
Spider:4: grunt_spider_rune_parallel
Orc:1:    hellmonk_paralyzer, layout_diamond_mine
Orc:2:    st_orc_open, layout_caves, basic_altar, uniq_donald
Elf:1:    layout_gridlike, serial_shops, shop, orc_legates
Elf:2:    elven_hall_of_blades_hangedman_alternative
          [nicolae_blade_entry_diamond_columns], layout_geoelf_grid,
          grunt_ministairs_14, hangedman_elven_ridges
Elf:3:    minmay_elf_hall_curves, layout_geoelf_octagon, serial_shops, shop
Vaults:1: vaults_room_pool, nicolae_vaults_doubleplus_tesselated,
          nicolae_vaults_tangram_2, vaults_room_grid, vaults_mumra_minichess,
          hangedman_vaults_slice, serial_ice_b,
          nicolae_vaults_windows_and_doors_thing, layout_vaults_chaotic_city,
          serial_shops, bzr_entry_lakeside, nicolae_square_shop
Vaults:2: hangedman_vaults_stitches, nicolae_vaults_tetromino_T_1,
          ontoclasm_vaults_chip, hangedman_vaults_nodes, v_rooms_5,
          vaults_room_door_hall, ontoclasm_vaults_misaligned,
          hangedman_vaults_snaps, vaults_dpeg_doors, v_alt_pattern_3, v_misc_14,
          layout_vaults_ring, uniq_mara, uniq_jory, uniq_boris, uniq_zenata,
          uniq_margery
Vaults:3: v_misc_23, minmay_crypt_entry_nasty_monster, hangedman_vaults_maws,
          hangedman_vaults_stretched_pinwheel, hangedman_vaults_corner_blocks,
          nicolae_vaults_diamond_2, nicolae_vaults_tetromino_L_1,
          nicolae_vaults_trapezoid_lopsided_4, serial_ice_b,
          nicolae_vaults_network_star, v_alt_pattern_4,
          ontoclasm_vaults_shuriken, nicolae_vaults_closet_pinwheel_3,
          nicolae_vaults_little_squares_4, nicolae_vaults_lightning_bolt,
          nicolae_vaults_sesquioval_fish, layout_vaults_omnibox, uniq_sojobo
Vaults:4: nicolae_vaults_murderbox, vaults_mumra_minichess_inversion,
          vaults_room_fancy_cross, vaults_room_grid, ontoclasm_vaults_ligature,
          vaults_standard_mumra_x, nicolae_vaults_frosty_reception,
          layout_vaults_quadrants, serial_shops, nicolae_shop_stone
Vaults:5
Depths:1: layout_gridlike, hellmouth_3, minmay_strange_pillars,
          eino_small_chamber_without_monster, minmay_variable_closet,
          grunt_ministairs_7, minmay_misc_feat_four_crosses,
          nicolae_diode_quadrants, uniq_saint_roka, uniq_enchantress
Depths:2: cross_vault, layout_gridlike, nicolae_trove_entry_crystal,
          grunt_pan_entry_zigzag, hangedman_coc_ice_floe, serial_bayou_shore_b
Depths:3: grunt_deathspiral_small, layout_honeycomb, enter_ziggurat_c,
          grunt_hell_entry_dis_old, hangedman_decor_push, abyss_entry_glasseish,
          uniq_frederick
Depths:4: grunt_crosshair, layout_gridlike, serial_shops, bzr_entry_safe,
          hell_entry, nrook_uturn, tgw_lugonu_bribe
Zot:1:    layout_cathedral_of_symmetry, basic_altar, gammafunk_ghost_cemetery,
          hangedman_feature_mirror
Zot:2:    layout_onion_interference, gammafunk_ghost_necromancy,
          hangedman_zot_decor_checkerboard, nicolae_lava_and_water,
          bh_zot_ikea_curve
Zot:3:    layout_twisted_circle, regret_index_zotdec_banners
Zot:4:    regret_index_zot_pan_timeshare, layout_gridlike, uniq_tiamat
Zot:5:    layout_basic, nicolae_zot_crop_circle

Skill      XL: |  1  2  3  4  5  6  7  8  9 10 11 12 13 14 15 16 17 18 19 20 21 22 23 24 25 26 |
---------------+-------------------------------------------------------------------------------+-----
Unarmed Combat | 3 4 5 6 8 10 12 14 16 18 19 21 24 26 | 26.0
Fighting       | 3 4 5 6 8 9 10 12 13 14 18 19 22 25 26 | 26.1
Armour         | 6 9 11 13 16 19 22 23 | 23.5
Shields        | 6 9 11 13 15 | 15.0
Stealth        | 6 |  6.5
Throwing       | |  0.8
Dodging        | |  1.7
Spellcasting   | |  1.7
Translocations | |  2.6

Action                     |  1- 3 |  4- 6 |  7- 9 | 10-12 | 13-15 | 16-18 | 19-21 | 22-24 | 25-27 || total
---------------------------+-------+-------+-------+-------+-------+-------+-------+-------+-------++-------
  Melee: Unarmed           |   137 |   111 |   263 |   588 |   944 |  1145 |  1651 |  1485 |   596 ||  6920
         Punch             |     5 |     1 |    10 |     3 |       |       |       |       |       ||    19
  Throw: Dart              |       |     2 |     7 |     4 |    18 |       |       |       |       ||    31
         Throwing net      |       |       |       |     2 |     6 |       |       |       |       ||     8
 Invoke: Call Merchant     |       |       |       |     2 |     1 |     1 |       |       |       ||     4
         Potion Petition   |       |       |       |     1 |     5 |       |       |     2 |     5 ||    13
         Bribe Branch      |       |       |       |       |       |       |       |     1 |     2 ||     3
  Evoke: Wand              |       |     3 |    16 |    20 |    27 |    37 |    18 |       |       ||   121
         Sack of spiders   |       |       |       |       |     1 |       |     2 |       |       ||     3
         Lightning rod     |       |       |       |       |       |     4 |    10 |     6 |       ||    20
         Phantom mirror    |       |       |       |       |       |       |       |     1 |     1 ||     2
         Condenser vane    |       |       |       |       |       |       |       |     1 |       ||     1
    Use: Scroll            |     5 |       |     6 |     9 |    23 |    16 |    18 |     9 |    13 ||    99
         Potion            |       |       |     2 |     6 |    15 |     2 |    11 |     9 |     2 ||    47
   Stab: Distracted        |       |       |     1 |       |     3 |     8 |     8 |     6 |     3 ||    29
         Held in net/web   |       |       |       |     2 |     2 |       |       |       |       ||     4
         Confused          |       |       |       |     1 |       |       |       |       |       ||     1
         Invisible         |       |       |       |       |     4 |       |       |       |     1 ||     5
         Petrified         |       |       |       |       |     1 |       |       |       |       ||     1
 Armour: Leather armour    |    69 |       |       |       |   271 |       |       |       |       ||   340
         Chain mail        |     8 |    85 |   163 |   435 |   104 |       |       |       |       ||   795
         Plate armour      |       |       |       |       |   205 |   840 |    99 |       |       ||  1144
         Ice dragon scales |       |       |       |       |       |       |   841 |   977 |   410 ||  2228
  Dodge: Dodged            |    63 |    56 |   151 |   190 |   196 |   211 |   361 |   399 |   160 ||  1787
  Block: Kite shield       |       |       |       |   167 |   427 |   953 |   622 |   806 |   328 ||  3303
         Reflection        |       |       |       |       |    17 |    38 |    84 |    27 |     4 ||   170
         Buckler           |       |       |       |       |       |       |   205 |       |       ||   205

Table legend: (Time is in decaauts)
 A = Elapsed time spent in this place.
 B = Non-inter-level travel time spent in this place.
 C = Inter-level travel time spent in this place.
 D = Time resting spent in this place.
 E = Time spent auto-exploring this place.
 F = Levels seen in this place.
 G = Mean time per level.
                   A        B        C        D        E       F      G
               +--------+--------+--------+--------+--------+-----+--------+
         Total |  61770 |  51728 |  10042 |   9425 |  29915 |  59 | 1046.9 |
       Dungeon |  17772 |  14671 |   3101 |   1524 |  10401 |  15 | 1184.8 |
        Temple |    144 |      2 |    142 |      0 |      0 |   1 |  144.0 |
          Lair |   6282 |   5038 |   1244 |    316 |   3545 |   5 | 1256.4 |
        Shoals |   2402 |   1549 |    853 |    350 |    485 |   4 |  600.5 |
   Spider Nest |   8015 |   7109 |    906 |   2580 |   2712 |   4 | 2003.8 |
  Orcish Mines |   2048 |   1802 |    246 |    214 |   1029 |   2 | 1024.0 |
   Elven Halls |   3456 |   2006 |   1450 |    652 |    562 |   3 | 1152.0 |
        Vaults |   8669 |   7575 |   1094 |    857 |   5095 |   5 | 1733.8 |
        Depths |   7732 |   7118 |    614 |   1333 |   4371 |   4 | 1933.0 |
           Zot |   3108 |   2720 |    388 |   1177 |    739 |   5 |  621.6 |
         Abyss |    649 |    649 |      0 |    419 |      0 |   2 |  324.5 |
      Ziggurat |    313 |    313 |      0 |      0 |    162 |   6 |   52.2 |
        Bazaar |    506 |    506 |      0 |      0 |    422 |   2 |  253.0 |
      Gauntlet |    667 |    667 |      0 |      0 |    391 |   1 |  667.0 |
               +--------+--------+--------+--------+--------+-----+--------+

Top non-repeatable levels by time:
Depths:1: 2607 daAuts
     D:9: 2532 daAuts
Spider:1: 2367 daAuts
Vaults:3: 2345 daAuts
Spider:3: 2139 daAuts
Depths:4: 1933 daAuts
    D:14: 1923 daAuts
     D:5: 1863 daAuts
Vaults:4: 1799 daAuts
Spider:2: 1780 daAuts
Spider:4: 1728 daAuts
Vaults:1: 1675 daAuts
Vaults:5: 1668 daAuts
Depths:3: 1611 daAuts
Depths:2: 1579 daAuts
